boulderman, lawful male human Samurai ---- ---- --------- ### |.. ..| |.......| | # |.- -.| |.......| |....<... ##)# ..| |..#############-.......| ----- -- @# # |.| |.| |.......| )###|.--- |.| |.......| # ##|..... | . |.| |.......| ##..- |. |--- | |.| --------- #|.| -|--..{..- -- |.| |.| |.............- |.| |.| -- --.----+-- |.| |.| |.+ |.| +.| |.| +.| |.| |.---- |.| |.-+------..{.---------+------.| |..............................| -------------------------------- boulderman the Ronin Experience level: 4 Strength: 16 Dexterity: 15 Constitution: 18 Intelligence: 8 Wisdom: 8 Charisma: 9 Health: 32(38) Energy: 13(13) Def: 6 Gold: 304 Moves: 646 Dungeon seed: pN0KzPINBG6MjHRT Game ID: boulderman_1567276556 Your Inventory: Coins $ - 304 gold pieces Weapons a - a +0 katana b - a +0 wakizashi c - a +0 yumi d - 42 +0 ya (in quiver) i - 8 +0 silver arrows k - 12 +0 arrows Armor e - a blessed rustproof +0 splint mail (being worn) r - an uncursed +0 pair of jumping boots Comestibles g - 4 uncursed gunyoki Scrolls h - an uncursed scroll of remove curse Potions s - an uncursed potion of full healing Wands f - a wand of make invisible (0:7) Tools j - 2 uncursed partly used tallow candles (0:111) m - an uncursed wax candle (0:400) o - 2 uncursed tallow candles (0:200) t - a +0 pick-axe (weapon in hand) Gems q - 2 uncursed worthless pieces of white glass y - an uncursed garnet stone Boulders/Statues n - an uncursed statue of a newt Spells and supernatural/magical abilities: Name Level Category Fail Memory W - pray for help -- divine ? -- Your skills at the end: Fighting Skills martial arts [Basic] Weapon Skills short sword [Basic] long sword [Basic] bow [Basic] Spellcasting Skills Final Attributes: You were stridently aligned. You were hallucinating. You were fast. You survived. Vanquished creatures: a gnome lord a gnomish wizard a dwarf a monkey 10 gnomes a fox a kobold 2 grid bugs a bat 2 lichens 2 newts and a partridge in a pear tree 23 creatures vanquished. Voluntary challenges: You were an atheist. You used a wielded weapon 31 times, starting on turn 72. You were illiterate. You never genocided any monsters. You never polymorphed an object. You never changed form. You used no wishes. You never split a pudding. You never wrote Elbereth's name. You violated your moral code, losing 18 points of alignment, starting on turn 1. You werepermanently hallucinating. Dungeon overview: The Dungeons of Doom: levels 1 to 2 Level 1 a long staircase Level 2 stairs to The Gnomish Mines The Gnomish Mines: levels 3 to 5 Level 3 stairs to The Dungeons of Doom Level 4 Level 5 <- You were here some fountains History has recorded: On T:1 you entered the Dungeons of Doom to retrieve the Amulet of Yendor! On T:299 you reached level 2 of The Dungeons of Doom. On T:310 you advanced to experience level 2. On T:464 you reached level 1 of The Gnomish Mines. On T:470 you advanced to experience level 3. On T:477 you reached level 2 of The Gnomish Mines. On T:506 you advanced to experience level 4. On T:545 you reached level 3 of The Gnomish Mines. Score breakdown: Gold: 304 ( 8450 points) Experience: 4 levels ( 9649 points) Exploration: 5 levels ( 9.62%) ( 8401 points) Discoveries: 1 item ( 0.41%) ( 1912 points) Valuables value: (no points given unless you survive) Artifact value: 0 ( 0 points) Variety of kills: 11 monsters ( 2.89%) ( 5097 points) Turncount: 646 turns ( 0 points) Survival: quit (score multiplied by 90%) Total score: 30158 Latest messages: The Luggage hits! You kill the storm giant! You are now wielding your pick-axe. You succeed in cutting away some rock. You start digging. You hit the rock with all your might. You stop digging. You hear a door open. You continue digging. You stop digging. You continue digging. You succeed in cutting away some rock. There isn't space to move around the boulder. (4x) To quit the game, use the 'save' command (typically on 'S'). Final status: Sayonara boulderman the Samurai, quit... You quit in The Gnomish Mines on dungeon level 5 with 30158 points, and 304 pieces of gold, after 646 moves. You were level 4 with a maximum of 38 hit points when you quit.